Map: [ESL] Inside and Out

Players

Bioice

  • Race: Zerg Zerg
  • Spawn Location: 1:00

Namshar - Winner!

  • Race: Zerg Zerg
  • Spawn Location: 7:00

Event: DreamHack SC2 Masters 2022 Atlanta (Online)

VOD

Have the link to the VOD?

Description

Time

  • Played on: Oct. 4, 2022, 3:24 p.m.
  • Length: 7:20

All games in this series

Show
View Real Time Build Order
Export as new Build Order

Bioice Zerg 

Build Orders: Hatch First 

Get SALT Encoding   

  12  0:01  Drone  
  13  0:13  Overlord  
  13  0:17  Drone  
  14  0:32  Drone x2  
  16  0:49  Hatchery  
  15  0:52  Drone  
  15  0:55  Drone  
  17  0:59  Drone  
  18  1:06  Extractor  
  17  1:15  Spawning Pool  
  17  1:17  Drone  
  17  1:20  Drone  
  18  1:29  Drone  
  19  1:40  Drone  
  20  1:51  Drone  
  21  2:01  Queen x2  
  21  2:03  Drone, Overlord  
  26  2:12  Zergling x2  
  26  2:14  Metabolic Boost, Drone  
  28  2:24  Drone x2  
  30  2:35  Drone  
  31  2:41  Baneling Nest  
  30  2:46  Zergling x4  
  30  2:47  Overlord  
  32  2:57  Overlord  
  32  3:04  Hatchery  
  31  3:10  Zergling x6  
  33  3:15  Zergling x10  
  33  3:17  Zergling x2  
  39  3:22  Zergling x4  
  41  3:32  Zergling x4  
  43  3:35  Queen  
  45  3:45  Baneling  
  45  3:48  Zergling x4  
  43  3:53  Zergling x2  
  40  3:55  Baneling  
  40  3:57  Baneling  
  40  3:58  Zergling x8  
  40  4:01  Zergling x2  
  42  4:02  Zergling x2  
  42  4:05  Zergling x2  
  41  4:11  Zergling x2  
  41  4:12  Zergling x2  
  42  4:22  Zergling x4  
  44  4:29  Zergling x2  
  41  4:32  Zergling x4  
  41  4:38  Zergling x10  
  42  4:40  Zergling x4  
  42  4:44  Zergling x4  
  45  4:49  Queen  
  48  4:52  Zergling x2  
  48  4:53  Baneling  
  48  4:54  Baneling  
  48  4:55  Baneling  
  48  4:56  Zergling x2  
  48  5:04  Zergling x2  
  48  5:05  Zergling x4  
  48  5:06  Zergling x2  
  52  5:11  Baneling x3  
  48  5:24  Zergling x12  
  50  5:28  Zergling x2  
  50  5:33  Zergling x6  
  53  5:39  Zergling x6  
  39  5:50  Zergling x2  
  39  5:52  Zergling x2  
  39  5:53  Zergling x4  
  40  5:59  Zergling x4  
  37  6:09  Overlord  
  37  6:11  Drone x2  
  38  6:14  Baneling x2  
  38  6:16  Baneling  
  39  6:20  Baneling  
  39  6:28  Drone x3  
  40  6:35  Drone x2  
  40  6:39  Drone  
  42  6:42  Drone  
  42  6:43  Drone  
  42  6:47  Drone  
Show
View Real Time Build Order
Export as new Build Order

Namshar Zerg - Winner!

Build Orders: Hatch First, Zergling Baneling 

Get SALT Encoding   

  12  0:00  Drone  
  13  0:12  Overlord  
  13  0:17  Drone  
  14  0:30  Drone x2  
  16  0:47  Hatchery  
  15  0:50  Drone  
  15  0:54  Drone  
  17  0:57  Drone  
  18  1:09  Extractor  
  17  1:12  Spawning Pool  
  17  1:15  Drone  
  17  1:18  Drone  
  18  1:27  Drone  
  19  1:39  Drone  
  20  1:49  Drone  
  21  1:59  Queen x2, Drone, Overlord  
  26  2:12  Metabolic Boost, Drone x2  
  28  2:22  Zergling x2, Drone  
  30  2:33  Drone  
  30  2:34  Drone  
  30  2:35  Hatchery  
  31  2:43  Zergling x2  
  31  2:44  Zergling x2  
  33  2:49  Baneling Nest  
  32  2:53  Overlord  
  32  3:00  Evolution Chamber  
  31  3:11  Zergling x2  
  31  3:12  Zergling x14  
  38  3:23  Queen  
  38  3:24  Overlord  
  40  3:37  Baneling x2  
  40  3:38  Baneling x2  
  40  3:39  Baneling x2  
  40  3:44  Drone  
  40  3:45  Drone x4  
  40  3:47  Extractor  
  44  3:50  Zergling x4  
  40  4:03  Zergling x2  
  40  4:04  Zergling x8, Baneling  
  43  4:20  Baneling x2  
  43  4:22  Drone x3  
  43  4:23  Zergling x8  
  46  4:33  Zergling x2  
  46  4:34  Zergling x6  
  46  4:37  Baneling x2  
  48  4:39  Zergling x2  
  48  4:40  Zergling x2  
  48  4:44  Zergling x4  
  51  4:49  Baneling x2  
  51  4:54  Zerg Missile Weapons Level 1  
  51  4:56  Drone x2  
  51  4:57  Drone x2  
  55  5:00  Overlord  
  55  5:08  Baneling  
  55  5:09  Baneling x2  
  55  5:11  Queen  
  53  5:31  Roach Warren  
  52  5:38  Drone x11  
  43  6:04  Drone x4  
  43  6:08  Zergling x2  
  43  6:09  Zergling x2  
  48  6:22  Roach x5  
  56  6:28  Baneling x2  
  56  6:29  Baneling x2  
  55  6:34  Drone x2  
  55  6:39  Overlord x2  
  57  6:41  Drone  
Tags
 
Add a new tag
Caveats
  • Supply blocks, unpowered buildings, or Contaminate may cause inaccurate times.
  • Supply counts are checked every 10 seconds.